MLB
ST. LOUIS CARDINALS @ CHICAGO WHITE SOX
07/10/2018
 
TOP OF THE 1ST
St. Louis Cardinals batting - Pitching for Chicago White Sox : RHP Colby Lewis
Pitching: RHP Colby Lewis
Batting: SHB Ozzie Albies 0-0: Ball
1-0: Bunt for hit to 15S - play at first, batter OUT! 1-3
Batting: RHB Alex Bregman 0-0: Called Strike
0-1: Foul Ball, location: 2F
0-2: SINGLE (Groundball, 6MD)
Batting: LHB Alex Avila 0-0: Swinging Strike
0-1: Ball
1-1: Ball
2-1: Swinging Strike
2-2: Strikes out swinging
Batting: RHB Jose Alberto Martinez 0-0: Ball
1-0: Ground out 4-3 (Groundball, 4)
Top of the 1st over - 0 runs, 1 hit, 0 errors, 1 left on base; St. Louis 0 - Chicago 0
BOTTOM OF THE 1ST
Chicago White Sox batting - Pitching for St. Louis Cardinals : RHP Lucas Giolito
Pitching: RHP Lucas Giolito
Batting: LHB Michael Brantley 0-0: Ball
1-0: SINGLE (Line Drive, 56D)
Batting: LHB Corey Seager 0-0: Ball
1-0: Ball
2-0: SINGLE (Groundball, 34D)
Michael Brantley to second
Runner from 2nd tries for 3rd, SAFE, throw by RF made to third
Batting: LHB Charlie Blackmon 0-0: Ball
1-0: Foul Ball, location: 2F
1-1: Grounds into double play, 4-6-3 (Groundball, 34D)
Michael Brantley scores
Batting: RHB J.D. Martinez 0-0: Ball
1-0: Ball
2-0: Called Strike
2-1: Ball
3-1: Swinging Strike
3-2: Foul Ball, location: 2F
3-2: Base on Balls
Batting: LHB Daniel Murphy 0-0: Ball
1-0: Ball
2-0: Ball
3-0: Foul Ball, location: 2F
3-1: Fly out, F7 (Line Drive, 7)
Bottom of the 1st over - 1 run, 2 hits, 0 errors, 1 left on base; St. Louis 0 - Chicago 1
TOP OF THE 2ND
St. Louis Cardinals batting - Pitching for Chicago White Sox : RHP Colby Lewis
Batting: LHB Brett Phillips 0-0: Called Strike
0-1: Foul Ball, location: 2F
0-2: Ball
1-2: SINGLE (Line Drive, 78M)
Batting: SHB Eduardo Escobar 0-0: Sac Bunt to 23 - play at first, batter OUT! 3-4
Brett Phillips to second
Batting: RHB Harrison Bader 0-0: Ball
1-0: 2-RUN HOME RUN (Flyball, 8LXD), Distance : 416 ft
Batting: RHB Adeiny Hechavarria 0-0: Ball
1-0: Called Strike
1-1: Called Strike
1-2: DOUBLE (Line Drive, 78D)
Batting: RHB Yan Gomes 0-0: Ball
1-0: Called Strike
1-1: Ball
2-1: Ball
3-1: Base on Balls
Batting: SHB Ozzie Albies 0-0: Ball
1-0: Called Strike
1-1: Grounds into double play, 4-6-3 (Groundball, 4)
Top of the 2nd over - 2 runs, 3 hits, 0 errors, 1 left on base; St. Louis 2 - Chicago 1
BOTTOM OF THE 2ND
Chicago White Sox batting - Pitching for St. Louis Cardinals : RHP Lucas Giolito
Batting: RHB Justin Turner 0-0: Foul Ball, location: 2F
0-1: Foul Ball, location: 2F
0-2: Fly out, F7 (Line Drive, 7)
Batting: RHB Jonathan Lucroy 0-0: Ball
1-0: SINGLE (Line Drive, 7LS)
Batting: LHB Brandon Belt 0-0: Ball
1-0: Ball
2-0: Called Strike
2-1: Ball
3-1: Called Strike
3-2: Grounds into double play, 4-5-3 (Groundball, 4)
Bottom of the 2nd over - 0 runs, 1 hit, 0 errors, 0 left on base; St. Louis 2 - Chicago 1
TOP OF THE 3RD
St. Louis Cardinals batting - Pitching for Chicago White Sox : RHP Colby Lewis
Batting: RHB Alex Bregman 0-0: Ball
1-0: Called Strike
1-1: Swinging Strike
1-2: Ball
2-2: Foul Ball, location: 2F
2-2: Ball
3-2: Fly out, F8 (Flyball, 89D)
Batting: LHB Alex Avila 0-0: SINGLE (Groundball, 34D)
Batting: RHB Jose Alberto Martinez 0-0: Called Strike
0-1: SINGLE (Groundball, 34D)
Alex Avila to second
Runner from 2nd tries for 3rd, SAFE, no throw by RF
Batting: LHB Brett Phillips 0-0: Ball
1-0: Ball
2-0: Ball
3-0: Foul Ball, location: 2F
3-1: Base on Balls
Jose Alberto Martinez to second
Batting: SHB Eduardo Escobar 0-0: Ball
1-0: Ball
2-0: Fly out, F7 (Flyball, 78M)
Runner from 3rd tags up, SCORES, throw by LF
Batting: RHB Harrison Bader 0-0: Called Strike
0-1: Ball
1-1: Ball
2-1: SINGLE (Line Drive, 78S)
Jose Alberto Martinez to third
Brett Phillips to second
Runner from 3rd tries for Home, SAFE, throw by CF to home
Batting: RHB Adeiny Hechavarria 0-0: Ball
1-0: Called Strike
1-1: Called Strike
1-2: Fly out, F9 (Line Drive, 9)
Top of the 3rd over - 2 runs, 3 hits, 0 errors, 2 left on base; St. Louis 4 - Chicago 1
BOTTOM OF THE 3RD
Chicago White Sox batting - Pitching for St. Louis Cardinals : RHP Lucas Giolito
Batting: LHB Marco Hernandez 0-0: SINGLE (Line Drive, 8LS)
Batting: LHB Michael Brantley 0-0: Ball
1-0: SINGLE (Line Drive, 7S)
Marco Hernandez to second
Batting: LHB Corey Seager 0-0: Called Strike
0-1: Swinging Strike
0-2: Strikes out swinging
Batting: LHB Charlie Blackmon 0-0: Ball
1-0: Ball
2-0: Ball
3-0: Called Strike
3-1: Called Strike
3-2: SINGLE (Groundball, 3D)
Marco Hernandez to third
Michael Brantley to second
Runner from 3rd tries for Home, SAFE, throw by RF to home
Batting: RHB J.D. Martinez 0-0: Called Strike
Michael Brantley steals 3rd, throwing error, E2
Michael Brantley scores
Charlie Blackmon to third
0-1: Ball
1-1: Ball
2-1: Swinging Strike
2-2: Ball
3-2: Foul Ball, location: 2F
3-2: Foul Ball, location: 2F
3-2: Strikes out swinging
Batting: LHB Daniel Murphy 0-0: Ball
1-0: Ball
2-0: Foul Ball, location: 2F
2-1: Fly out, F9 (Flyball, 9LS)
Bottom of the 3rd over - 2 runs, 3 hits, 1 error, 1 left on base; St. Louis 4 - Chicago 3
TOP OF THE 4TH
St. Louis Cardinals batting - Pitching for Chicago White Sox : RHP Colby Lewis
Batting: RHB Yan Gomes 0-0: Called Strike
0-1: Ball
1-1: Ball
2-1: SINGLE (Line Drive, 6MD)
Batting: SHB Ozzie Albies 0-0: Swinging Strike
0-1: Ball
1-1: Foul Ball, location: 2F
1-2: Ball
2-2: Ball
3-2: Foul Ball, location: 2F
3-2: Strikes out looking
Batting: RHB Alex Bregman 0-0: SINGLE (Line Drive, 56)
Yan Gomes to second
Batting: LHB Alex Avila 0-0: Ball
1-0: Ball
2-0: Ball
3-0: Base on Balls
Yan Gomes to third
Alex Bregman to second
Pitching: RHP Antonio Senzatela
Batting: RHB Jose Alberto Martinez 0-0: Called Strike
0-1: Called Strike
0-2: Ball
1-2: Strikes out swinging
Batting: LHB Brett Phillips 0-0: Called Strike
0-1: Foul Ball, location: 2F
0-2: Ball
1-2: Strikes out swinging
Top of the 4th over - 0 runs, 2 hits, 0 errors, 3 left on base; St. Louis 4 - Chicago 3
BOTTOM OF THE 4TH
Chicago White Sox batting - Pitching for St. Louis Cardinals : RHP Lucas Giolito
Batting: RHB Justin Turner 0-0: Swinging Strike
0-1: Fly out, F9 (Flyball, 9D)
Batting: RHB Jonathan Lucroy 0-0: Ball
1-0: Swinging Strike
1-1: Foul Ball, location: 2F
1-2: Strikes out swinging
Batting: LHB Brandon Belt 0-0: Ball
1-0: DOUBLE (Flyball, 89D)
Pitching: LHP Brett Anderson
Batting: LHB Marco Hernandez 0-0: Ball
1-0: Ball
2-0: Called Strike
2-1: Fly out, F4 (Popup, 4)
Bottom of the 4th over - 0 runs, 1 hit, 0 errors, 1 left on base; St. Louis 4 - Chicago 3
TOP OF THE 5TH
St. Louis Cardinals batting - Pitching for Chicago White Sox : RHP Antonio Senzatela
Batting: SHB Eduardo Escobar 0-0: Fly out, F1 (Popup, P)
Batting: RHB Harrison Bader 0-0: Hit by Pitch
Batting: RHB Adeiny Hechavarria 0-0: Ball
1-0: SINGLE (Line Drive, 89S)
Harrison Bader to second
Batting: RHB Yan Gomes 0-0: Called Strike
0-1: Ball
1-1: Ball
2-1: Ball
3-1: Foul Ball, location: 2F
3-2: Foul Ball, location: 2F
3-2: Fly out, F8 (Line Drive, 8RM)
Batting: SHB Ozzie Albies 0-0: Ball
1-0: Foul Ball, location: 2F
1-1: Swinging Strike
1-2: Ball
2-2: Foul Ball, location: 2F
2-2: Foul Ball, location: 2F
2-2: 3-RUN HOME RUN (Flyball, 89XD), Distance : 383 ft
Batting: RHB Alex Bregman 0-0: SINGLE (Line Drive, 78S)
Pitching: LHP Brian Clark
Batting: LHB Alex Avila 0-0: Foul Ball, location: 2F
0-1: Ball
1-1: Fly out, F9 (Flyball, 9LM)
Top of the 5th over - 3 runs, 3 hits, 0 errors, 1 left on base; St. Louis 7 - Chicago 3
BOTTOM OF THE 5TH
Chicago White Sox batting - Pitching for St. Louis Cardinals : LHP Brett Anderson
Pitching: RHP Zac Reininger
Batting: LHB Michael Brantley 0-0: Ground out 4-3 (Groundball, 4)
Batting: LHB Corey Seager 0-0: Ball
1-0: Ball
2-0: Fly out, F8 (Line Drive, 8LD)
Batting: LHB Charlie Blackmon 0-0: Called Strike
0-1: Ball
1-1: Ball
2-1: Swinging Strike
2-2: SINGLE (Groundball, 34D)
Batting: RHB J.D. Martinez 0-0: Called Strike
0-1: Ball
Charlie Blackmon steals 2nd base
1-1: Called Strike
1-2: Ball
2-2: Ball
3-2: Fly out, F3 (Popup, 34)
Bottom of the 5th over - 0 runs, 1 hit, 0 errors, 1 left on base; St. Louis 7 - Chicago 3
TOP OF THE 6TH
St. Louis Cardinals batting - Pitching for Chicago White Sox : LHP Brian Clark
Batting: RHB Jose Alberto Martinez 0-0: Ball
1-0: Foul Ball, location: 2F
1-1: Ball
2-1: Foul Ball, location: 2F
2-2: Fly out, F7 (Flyball, 7)
Batting: LHB Brett Phillips 0-0: Called Strike
0-1: Called Strike
0-2: Foul Ball, location: 2F
0-2: Ball
1-2: Reached on error, E4 (Groundball, 4)
Batting: SHB Eduardo Escobar 0-0: SINGLE (Groundball, 6MD)
Brett Phillips to second
Runner from 2nd tries for 3rd, SAFE, throw by CF made to third
Batting: RHB Harrison Bader 0-0: Foul Ball, location: 2F
0-1: Ball
1-1: Hit by Pitch
Eduardo Escobar to second
Batting: RHB Adeiny Hechavarria 0-0: Foul Ball, location: 2F
0-1: Grounds into double play, 5-4-3 (Groundball, 56)
Top of the 6th over - 0 runs, 1 hit, 1 error, 2 left on base; St. Louis 7 - Chicago 3
BOTTOM OF THE 6TH
Chicago White Sox batting - Pitching for St. Louis Cardinals : RHP Zac Reininger
Batting: LHB Daniel Murphy 0-0: SOLO HOME RUN (Flyball, 7LD), Distance : 352 ft
Batting: RHB Justin Turner 0-0: Foul Ball, location: 2F
0-1: Ball
1-1: Ground out 4-3 (Groundball, 34)
Batting: RHB Jonathan Lucroy 0-0: Swinging Strike
0-1: Ball
1-1: Ball
2-1: Foul Ball, location: 2F
2-2: Ball
3-2: Foul Ball, location: 2F
3-2: Foul Ball, location: 2F
3-2: Fly out, F7 (Flyball, 7S)
Batting: LHB Brandon Belt 0-0: Called Strike
0-1: Called Strike
0-2: Foul Ball, location: 2F
0-2: Ball
1-2: Strikes out swinging
Bottom of the 6th over - 1 run, 1 hit, 0 errors, 0 left on base; St. Louis 7 - Chicago 4
TOP OF THE 7TH
St. Louis Cardinals batting - Pitching for Chicago White Sox : LHP Brian Clark
Batting: RHB Yan Gomes 0-0: Ball
1-0: Fly out, F8 (Flyball, 8RM)
Batting: SHB Ozzie Albies 0-0: Called Strike
0-1: Called Strike
0-2: Foul Ball, location: 2F
0-2: Ball
1-2: Foul Ball, location: 2F
1-2: Ball
2-2: Foul Ball, location: 2F
2-2: Hit by Pitch
Batting: RHB Alex Bregman 0-0: Ball
1-0: Called Strike
1-1: Ball
2-1: DOUBLE (Flyball, 8RXD)
Ozzie Albies to third
Pitching: LHP Richard Lovelady
Batting: LHB Alex Avila 0-0: Called Strike
0-1: Ball
1-1: Ball
2-1: Foul Ball, location: 2F
2-2: Strikes out swinging
Batting: RHB Jose Alberto Martinez 0-0: Called Strike
0-1: Called Strike
0-2: Ball
1-2: Ball
2-2: Strikes out swinging
Top of the 7th over - 0 runs, 1 hit, 0 errors, 2 left on base; St. Louis 7 - Chicago 4
BOTTOM OF THE 7TH
Chicago White Sox batting - Pitching for St. Louis Cardinals : RHP Zac Reininger
Pitching: LHP Fernando Abad
Batting: LHB Marco Hernandez 0-0: Ball
1-0: Called Strike
1-1: Called Strike
1-2: Strikes out swinging
Batting: LHB Michael Brantley 0-0: Foul Ball, location: 2F
0-1: Swinging Strike
0-2: Foul Ball, location: 2F
0-2: Strikes out looking
Batting: LHB Corey Seager 0-0: Called Strike
0-1: Ball
1-1: Called Strike
1-2: Foul Ball, location: 2F
1-2: Strikes out swinging
Bottom of the 7th over - 0 runs, 0 hits, 0 errors, 0 left on base; St. Louis 7 - Chicago 4
TOP OF THE 8TH
St. Louis Cardinals batting - Pitching for Chicago White Sox : LHP Richard Lovelady
Batting: LHB Brett Phillips 0-0: Swinging Strike
0-1: Ball
1-1: Swinging Strike
1-2: Foul Ball, location: 2F
1-2: Strikes out swinging
Batting: SHB Eduardo Escobar 0-0: Ball
1-0: Swinging Strike
1-1: Ball
2-1: Foul Ball, location: 2F
2-2: Ground out 1-3 (Groundball, 13)
Batting: RHB Harrison Bader 0-0: Fly out, F9 (Flyball, 9LM)
Top of the 8th over - 0 runs, 0 hits, 0 errors, 0 left on base; St. Louis 7 - Chicago 4
BOTTOM OF THE 8TH
Chicago White Sox batting - Pitching for St. Louis Cardinals : LHP Fernando Abad
Pitching: RHP Fernando Rodney
Batting: LHB Charlie Blackmon 0-0: Swinging Strike
0-1: Called Strike
0-2: Ball
1-2: Foul Ball, location: 2F
1-2: Ball
2-2: Ball
3-2: Foul Ball, location: 2F
3-2: Fly out, F9 (Flyball, 89S)
Batting: RHB J.D. Martinez 0-0: Called Strike
0-1: Fly out, F1 (Line Drive, P)
Batting: LHB Daniel Murphy 0-0: Called Strike
0-1: Ball
1-1: Ball
2-1: Ball
3-1: Base on Balls
Batting: RHB Justin Turner 0-0: Ball
1-0: Ball
2-0: Swinging Strike
2-1: Swinging Strike
2-2: Foul Ball, location: 2F
2-2: Foul Ball, location: 2F
2-2: Ball
3-2: Strikes out swinging
Bottom of the 8th over - 0 runs, 0 hits, 0 errors, 1 left on base; St. Louis 7 - Chicago 4
TOP OF THE 9TH
St. Louis Cardinals batting - Pitching for Chicago White Sox : LHP Richard Lovelady
Pitching: RHP Trevor Gott
Batting: RHB Adeiny Hechavarria 0-0: Ball
1-0: Called Strike
1-1: Ground out U3 (Groundball, 34S)
Batting: RHB Yan Gomes 0-0: Foul Ball, location: 2F
0-1: Ball
1-1: Swinging Strike
1-2: Strikes out swinging
Batting: SHB Ozzie Albies 0-0: Ball
1-0: Called Strike
1-1: Ball
2-1: Fly out, F8 (Line Drive, 8LM)
Top of the 9th over - 0 runs, 0 hits, 0 errors, 0 left on base; St. Louis 7 - Chicago 4
BOTTOM OF THE 9TH
Chicago White Sox batting - Pitching for St. Louis Cardinals : RHP Fernando Rodney
Pitching: RHP Mark Melancon
Batting: RHB Jonathan Lucroy 0-0: Ball
1-0: SINGLE (Line Drive, 89S)
Batting: LHB Brandon Belt 0-0: Fly out, F8 (Line Drive, 8RM)
Batting: LHB Marco Hernandez 0-0: Ball
1-0: SINGLE (Flyball, 78S)
Jonathan Lucroy to second
Batting: LHB Michael Brantley 0-0: Fly out, F9 (Flyball, 89XD)
Runner from 2nd tags up, SAFE at 3rd, no throw by RF
Batting: LHB Corey Seager 0-0: Called Strike
0-1: Ball
1-1: Ball
2-1: Foul Ball, location: 2F
2-2: Strikes out looking
Bottom of the 9th over - 0 runs, 2 hits, 0 errors, 2 left on base; St. Louis 7 - Chicago 4
Tuesday, September 11th, 2018 - OOTP Baseball 19.8 Build 79